 Dungeon Crawl Stone Soup version 0.13-a0-1710-g777f831 (console) character file.

412 Duph the Chopper (level 6, -2/78 HPs)
             Began as a Hill Orc Berserker on June 21, 2013.
             Was a Priest of Trog.
             Shot with an arrow by a centaur (5 damage)
             ... on Level 4 of the Dungeon.
             The game lasted 00:13:34 (4173 turns).

Duph the Chopper (Hill Orc Berserker)               Turns: 4173, Time: 00:13:34

HP  -2/78        AC 11     Str 26      XL: 6   Next: 14%
MP   5/5         EV  8     Int  7      God: Trog [***...]
Gold 160         SH  0     Dex 11      Spells:  0 memorised,  5 levels left

Res.Fire  : . . .   See Invis. : .   a - +0 orc hand axe {=f}
Res.Cold  : . . .   Warding    : .   C - +0 orc chain mail
Life Prot.: . . .   Conserve   : .   (no shield)
Res.Poison: .       Res.Corr.  : .   (no helmet)
Res.Elec. : .       Clarity    : .   (no cloak)
Sust.Abil.: . .     Spirit.Shd : .   d - +0 pair of gloves
Res.Mut.  : .       Stasis     : .   (no boots)
Res.Rott. : .       Flight     : .   (no amulet)
Saprovore : + . .                    (no ring)
                                     (no ring)

@: berserking, very quick, slightly resistant to hostile enchantments, extremely
unstealthy
A: saprovore 1
a: Burn Spellbooks, Berserk, Trog's Hand, Renounce Religion


You were on level 4 of the Dungeon.
You worshipped Trog.
Trog was greatly pleased with you.
You were not hungry.

You visited 1 branch of the dungeon, and saw 4 of its levels.

You collected 140 gold pieces.

Inventory:

Hand weapons
 a - a +0,+0 orcish hand axe (weapon) {=f}
 h - a cursed -2,-2 dagger
 m - a +1,+0 elven dagger
 o - a -1,+0 orcish dagger
 s - a +0,+0 dagger
 w - a +1,+0 elven dagger
 x - a +0 blowgun
Missiles
 e - 56 stones (quivered)
 f - 59 arrows
 l - 22 bolts
 n - 23 darts
 t - 7 curare-tipped needles
 u - 4 darts of dispersal
 v - 26 poisoned needles
Armour
 d - a +0 pair of gloves (worn)
 C - a +0 orcish chain mail (worn)
Comestibles
 b - an apple
 c - 5 meat rations
 p - a choko
Scrolls
 g - 4 scrolls of identify {unknown}
 i - a scroll of enchant armour {unknown}
 j - 3 scrolls of remove curse {unknown}
 r - a scroll of recharging {unknown}
 y - a scroll of random uselessness {unknown}
 A - 2 scrolls of teleportation {unknown}
 B - a scroll of blinking {unknown}
Potions
 q - 2 potions of restore abilities
 z - a potion of curing


   Skills:
 - Level 3.6 Fighting
 * Level 7.5 Axes
 + Level 4.3 Armour
 - Level 1.5 Dodging


You had 5 spell levels left.
You didn't know any spells.

Dungeon Overview and Level Annotations

Branches:
Dungeon (4/27)
 Temple: D:4-7

Altars:
Kikubaaqudgha


Innate Abilities, Weirdness & Mutations

You can tolerate rotten meat.


Message History

* * * LOW HITPOINT WARNING * * *
You see here an arrow.
The centaur shoots an arrow.
The arrow hits you!
* * * LOW HITPOINT WARNING * * *
The centaur shoots an arrow.
The arrow misses you.
You see here an arrow.
The centaur shoots an arrow.
The arrow hits you!
* * * LOW HITPOINT WARNING * * *
The kobold hits you but does no damage.
The centaur shoots an arrow.
The arrow hits you!
* * * LOW HITPOINT WARNING * * *
You see here 2 arrows.
Drink which item? (? for menu, Esc to quit)
Okay, then.
Use which ability? (? or * to list)
A red film seems to cover your vision as you go berserk!
You feel yourself moving faster!
You feel mighty!
You feel somewhat more hungry. The kobold hits you but does no damage.
The centaur shoots an arrow.
The arrow hits you!
You die...

##..........)...
##...............
##.............♣.P
##.............♣♣..
##....(........♣♣♣♣.
##.....((.......♣♣P..
##....$(.........♣♣...
##.........p......♣.♣♣P
#.....@............♣♣
#.......K............
.......c............
...................
..................
..........)...
........... .........
...


You could see a phantom, a centaur and a kobold.

Vanquished Creatures
  2 orc priests
  An orc wizard (D:4)
  Ijyb (D:3)
  5 adders
  3 worms (D:2)
  A giant mite (D:3)
  3 giant geckos
  5 orcs
  A ball python (D:3)
  9 bats
  8 giant cockroaches
  9 goblins
  5 hobgoblins
  5 jackals (D:1)
  8 kobolds
  2 quokkas (D:2)
  3 giant newts
  6 rats
77 creatures vanquished.

Vanquished Creatures (others)
  A goblin (D:1)
  A kobold (D:3)
  A rat (D:2)
3 creatures vanquished.

Grand Total: 80 creatures vanquished

Notes
Turn   | Place    | Note
--------------------------------------------------------------
     0 | D:1      | Duph, the Hill Orc Berserker, began the quest for the Orb.
     0 | D:1      | Reached XP level 1. HP: 19/19 MP: 0/0
   147 | D:1      | Reached XP level 2. HP: 17/26 MP: 1/1
   573 | D:1      | Acquired Trog's second power
   726 | D:1      | Reached XP level 3. HP: 30/33 MP: 2/2
   873 | D:1      | Reached skill level 5 in Axes
  1473 | D:2      | Reached XP level 4. HP: 39/39 MP: 3/3
  1476 | D:2      | Found an ancient bone altar of Kikubaaqudgha.
  1827 | D:2      | Reached skill level 6 in Axes
  2843 | D:3      | Reached XP level 5. HP: 32/46 MP: 4/4
  3702 | D:3      | Noticed Ijyb
  3745 | D:3      | Killed Ijyb
  3821 | D:3      | Reached skill level 7 in Axes
  4130 | D:4      | Reached XP level 6. HP: 48/52 MP: 5/5
  4162 | D:4      | Noticed a phantom
  4168 | D:4      | Noticed a centaur
  4172 | D:4      | HP: 2/52 [centaur/arrow (9)]
  4173 | D:4      | Shot with an arrow by a centaur

Action                   |  1- 3 |  4- 6 || total
-------------------------+-------+-------++-------
Melee: Hand axe          |   125 |   188 ||   313
Invok: Berserk           |       |     2 ||     2
       Trog's Hand       |       |     2 ||     2
  Use: Potion            |     1 |     4 ||     5
